 Dungeon Crawl Stone Soup version 0.31.0-12-g77e489cdc1 (webtiles) character file.

Game seed: 3514710346963672031

44 hawla the Shield-Bearer (level 3, -3/31 HPs)
             Began as a Minotaur Fighter on Feb 19, 2024.
             Killed from afar by Ijyb (9 damage)
             ... with a bolt of light
             ... on level 3 of the Dungeon.
             The game lasted 00:02:45 (1459 turns).

hawla the Shield-Bearer (Minotaur Fighter)          Turns: 1459, Time: 00:02:46

Health: -3/31      AC:  6    Str: 17 (20) XL:     3   Next: 39%
Magic:  2/2        EV:  9    Int:  4 (5)  God:
Gold:   84         SH:  4    Dex:  9 (11) Spells: 2/2 levels left

rFire   + + .        a - +0 long sword
rCold   + + .        c - +0 buckler
rNeg    . . .        b - +0 scale mail
rPois   +            (helmet restricted)
rElec   +            e - scarf {rC+ rF+}
rCorr   +            (no gloves)
SInv    .            (no boots)
Will    .....        (no amulet) Stlth
                     (no ring)
HPRegen 0.25/turn    (no ring)
MPRegen 0.08/turn

%: no passive effects
@: resistant
A: horns 2, retaliatory headbutt
a: no special abilities


You were on level 3 of the Dungeon.
You visited 1 branch of the dungeon, and saw 3 of its levels.

You collected 84 gold pieces.

Inventory:

Hand Weapons
 a - a +0 long sword (weapon)
Armour
 b - a +0 scale mail (worn)
 c - a +0 buckler (worn)
 e - a scarf of resistance (worn)
Scrolls
 h - a scroll of blinking
 k - a scroll of silence
 o - a scroll of fog {unknown}
 r - a scroll of enchant weapon {unknown}
Potions
 d - a potion of might
 f - a potion of degeneration
 i - a potion of attraction {unknown}
 j - a potion of curing {unknown}
 l - a potion of cancellation {unknown}
 n - a potion of enlightenment {unknown}
 q - a potion of mutation {unknown}


   Skills:
 - Level 3.6 Fighting
 - Level 2.4 Long Blades
 - Level 3.6 Armour
 + Level 1.7 Dodging
 - Level 5.0 Shields


You had 2 spell levels left.
You didn't know any spells.
Your spell library was empty.

Dungeon Overview and Level Annotations

Branches:
Dungeon (3/15)

Altars:

Annotations:
D:3 Ijyb


Innate Abilities, Weirdness & Mutations

You have a pair of horns on your head.
You reflexively headbutt those who attack you in melee.


Message History

What level of the Dungeon? (default 1, ? - help)
There is a stone staircase leading down here.
You climb downwards.
There is a stone staircase leading up here.
As you read the scroll of identify, it crumbles to dust.
k - a scroll of silence The air fills with toxic fumes!
As you read the scroll labelled POFUWAUNEI, it crumbles to dust.
It was a scroll of poison.
Partly explored, can't reach some places.
A goblin comes into view. It is wielding a +0 dagger.
The goblin shouts!
You hear a shout!
The goblin moves out of view.
Ijyb the Twisted Goblin comes into view.
She is wielding a +4 club and carrying a wand of light.
Okay, then.
You aren't carrying any items that you can evoke.
Ijyb moves out of view.
Ijyb zaps a wand.
The bolt of light misses you.
You hit Ijyb.
Ijyb is lightly wounded.
Ijyb hits you with a +4 club.
You barely miss Ijyb.
Ijyb is lightly wounded.
Ijyb completely misses you.
You hit Ijyb.
Ijyb is moderately wounded.
Ijyb zaps a wand.
The bolt of light hits you!
You are confused.
You bump into the rock wall.
Ijyb zaps a wand.
The bolt of light hits you!
* * * LOW HITPOINT WARNING * * *
Unknown command.
It was a potion of degeneration.
There was something very wrong with that liquid.
You feel weakened.
You feel dopey.
You feel clumsy. Ijyb screams, "I dance on your bones!" Ijyb barely misses you.
It was a potion of resistance.
You feel protected.
You feel less confused.
Ijyb zaps a wand.
The bolt of light hits you!
You die...

#.# #.# #.#
#.#
#.###.########
#.##.........#
#.#.....####.#
#.##....# #.#
#<......# #.#
......###.###
#.# ...####
#.# #@# ## #+#
#g# #g# #.#
#...# #.#...
.. ..... ...
....#.# ..##
##.## #


You could see Ijyb and a goblin.

Vanquished Creatures
  An adder (D:2)
  3 dart slugs
  2 ball pythons
  A bat (D:1)
  An endoplasm (D:1)
  A giant cockroach (D:1)
  2 goblins
  5 hobgoblins
  4 kobolds
  3 quokkas
  2 frilled lizards (D:2)
  A rat (D:1)
26 creatures vanquished.

Notes
Turn   | Place    | Note
-------+----------+-------------------------------------------
     0 | D:1      | hawla the Minotaur Fighter began the quest for the Orb.
     0 | D:1      | Reached XP level 1. HP: 19/19 MP: 0/0
   269 | D:1      | Reached skill level 4 in Shields
   303 | D:1      | Reached XP level 2. HP: 26/26 MP: 1/1
   825 | D:2      | Found a faded altar of an unknown god.
  1011 | D:2      | Reached skill level 5 in Shields
  1011 | D:2      | Reached skill level 1 in Dodging
  1011 | D:2      | Reached XP level 3. HP: 28/31 MP: 2/2
  1441 | D:3      | Noticed Ijyb
  1459 | D:3      | Killed from afar by Ijyb

Illustrated notes

Levels and vault maps discovered:
D:1:      minmay_arrival_jagged, layout_loops_corners
D:2:      layout_basic, nicolae_ecumenical_oubliette, dk_vineyard_3,
          kennysheep_generic_room_7
D:3:      layout_loops_corners, xom_confusion_cloud, kennysheep_nub,
          uniq_crazy_yiuf_cottage, uniq_ijyb, uniq_robin

Skill      XL: |  1  2 |
---------------+-------+-----
Shields        | 4 5 |  5.0
Dodging        | 1 |  1.7
Fighting       | |  3.6
Long Blades    | |  2.4
Armour         | |  3.6

Action                     || total
---------------------------++-------
  Melee: Long sword        ||    44
         Headbutt          ||    11
    Use: Scroll            ||     4
         Potion            ||     2
 Armour: Scale mail        ||    26
  Dodge: Dodged            ||    21
  Block: Buckler           ||    14
